[Event "NY Presidents Day Schiller-C 2024"]
[Site "New York"]
[Date "2024.02.18"]
[Round "6.7"]
[White "Mou, Iris"]
[Black "Podavonov, Alisher"]
[Result "1-0"]
[ECO "B13"]
[WhiteElo "2128"]
[BlackElo "2175"]
[Annotator "RC"]
[PlyCount "57"]
[EventDate "2024.02.14"]
[EventType "schev"]
[EventCountry "USA"]
[SourceTitle "playchess.com"]
[Source "ChessBase"]
[SourceQuality "1"]
[TimeControl "5400+30"]

1. e4 c6 2. d4 d5 3. exd5 cxd5 4. Bd3 Nc6 5. c3 Qc7 6. Ne2 Bg4 7. O-O e6 8. Qe1 Bxe2 9. Qxe2 Bd6 10. g3 Nge7 11. Nd2 h5 12. Nf3 g6 13. Bg5 O-O 14. Bf6 Nf5 15. Bxf5 exf5 16. Rfe1 Rfc8 17. Qb5 Be7 18. Bxe7 Nxe7 19. Re5 Rd8 20. Rae1 a6 21. Qb3 Rd7 22. Qa3 Re8 23. Kg2 Kg7 24. Ng5 Kf6 25. h4 Rh8 26. Qb3 Rhd8 27. Qd1 Nc6 28. Rxf5+ Kg7 29. Rxf7+ 1-0

[Event "NY Presidents Day Schiller-C 2024"]
[Site "New York"]
[Date "2024.02.18"]
[Round "6.8"]
[White "Shangin, Lev"]
[Black "Lapshun, Yury"]
[Result "1-0"]
[ECO "E14"]
[WhiteElo "1866"]
[BlackElo "2337"]
[Annotator "TA"]
[PlyCount "91"]
[EventDate "2024.02.14"]
[EventType "schev"]
[EventCountry "USA"]
[SourceTitle "playchess.com"]
[Source "ChessBase"]
[SourceQuality "1"]
[TimeControl "5400+30"]

1. d4 Nf6 2. c4 e6 3. Nf3 Bb4+ 4. Nbd2 O-O 5. a3 Bxd2+ 6. Qxd2 b6 7. e3 Bb7 8. Be2 d6 9. b4 Nbd7 10. O-O Ne4 11. Qc2 f5 {[%emt 0:00:04] [#]} 12. d5 $1 e5 {[%emt 0:02:43] Prevents Nd4.} 13. Nd2 Nxd2 14. Bxd2 {[%emt 0:00:53] White is slightly better.} b5 15. Rad1 {[%emt 0:05:39] White is more active.} (15. cxb5 $16 Bxd5 16. Bd3) 15... bxc4 $14 16. Bxc4 Nb6 17. Bc1 a5 18. f4 axb4 19. axb4 Nxc4 20. Qxc4 e4 ({Black should try} 20... Qe7 $11) 21. Bb2 Qd7 {[%emt 0:05:33] Black is weak on the dark squares} 22. Rc1 Rfc8 {[%emt 0:01:56] And now ...Ba6 would win.} 23. Qd4 Ba6 24. Rfe1 Qf7 25. Rc2 Bd3 26. Rc6 Rcb8 (26... Bb5 $11 {remains equal.} 27. Rcc1 Ba4) 27. Rec1 $16 Rb7 28. Qc3 $1 Raa7 {[%emt 0:05:01][%cal Od3b5] [#] Hoping for ...Bb5!} 29. Rxd6 $3 cxd6 30. Qc8+ Qf8 {[%emt 0:00:12] [#]} 31. Qe6+ Rf7 32. Rc8 {[%emt 0:00:04] Prevents Ra8.} Ra8 $2 {[%emt 0:00:04] A mistake that costs the game.} (32... Rad7 $16 33. Rxf8+ Kxf8) 33. Rxf8+ $18 Raxf8 34. Qxd6 Bb5 {[%emt 0:05:40] Inhibits Qc6.} 35. Qb6 Bd7 36. Bd4 h6 37. h3 Kh7 38. Kh2 g5 $2 (38... Bc8 {is a better defense.} 39. b5 Rg8) 39. Be5 {[%emt 0:02:41] White is clearly winning.} Rg8 40. b5 g4 41. h4 g3+ 42. Kh3 Rg6 43. Qc5 (43. Qa7 $142 Be8 44. Qa8) 43... Rg8 44. b6 {[%emt 0:02:03] Intending b7 and mate.} Bc8 45. Qc6 Bd7 {[%emt 0:02:16] [#]} 46. b7 $1 {[%emt 0:32:07] Weighted Error Value: White=0.09 (flawless) /Black=0.36.  Loses game:     	---       	Black=1      Mistake:       	White=1     	Black=4      Inaccurate:     	White=3     	Black=1      OK:         	White=13    	Black=11     Best:        	White=2     	Black=2      Strong:       	White=1     	---        Brilliant:      	White=1     	---} 1-0

[Event "NY Presidents Day Schiller-C 2024"]
[Site "New York"]
[Date "2024.02.18"]
[Round "6.9"]
[White "Pagan, Jonathan"]
[Black "Campos Jimenez, Augusto Cesar"]
[Result "1/2-1/2"]
[ECO "D27"]
[WhiteElo "2018"]
[BlackElo "2288"]
[Annotator "TA"]
[PlyCount "34"]
[EventDate "2024.02.14"]
[EventType "schev"]
[EventCountry "USA"]
[SourceTitle "playchess.com"]
[Source "ChessBase"]
[SourceQuality "1"]
[TimeControl "5400+30"]

1. d4 d5 2. c4 dxc4 3. e3 Nf6 4. Bxc4 e6 5. Nf3 a6 6. O-O c5 7. b3 Nc6 8. Bb2 cxd4 9. Nxd4 Bd7 10. Nd2 Be7 11. Be2 Rc8 12. Rc1 Nxd4 {[%emt 0:02:31] Weiß steht etwas besser.} 13. Bxd4 Bc6 14. Bf3 Bxf3 15. Nxf3 O-O {[%emt 0:00:25] Die Stellung ist ausgeglichen.} 16. Rxc8 Qxc8 17. Qb1 Qd7 {[%emt 0:06:37] Gewichteter Fehlerwert: Weiß=0.13 (sehr präzise) /Schwarz=0.04 (makellos) .  Ungenau:       	Weiß=1     	---        OK:         	Weiß=1     	Schwarz=4} 1/2-1/2

[Event "NY Presidents Day Schiller-C 2024"]
[Site "New York"]
[Date "2024.02.19"]
[Round "7.1"]
[White "Czebe, Attila"]
[Black "Tang, Benjamin"]
[Result "1-0"]
[ECO "C00"]
[WhiteElo "2346"]
[BlackElo "2167"]
[Annotator "TA"]
[PlyCount "67"]
[EventDate "2024.02.14"]
[EventType "schev"]
[EventCountry "USA"]
[SourceTitle "playchess.com"]
[Source "ChessBase"]
[SourceQuality "1"]
[TimeControl "5400+30"]

1. e4 e6 2. d3 d5 3. Nd2 c5 4. g3 Nc6 5. Bg2 Nf6 6. Ngf3 Be7 7. O-O O-O 8. Re1 Qc7 9. exd5 exd5 10. Nb3 Bf5 11. Bf4 {[%emt 0:00:24] The position is equal.} Qd7 12. Ne5 Nxe5 13. Rxe5 Be6 ({Don't go for} 13... Bd6 $2 14. Rxf5 Qxf5 15. Bxd6 $18) 14. Qd2 Rac8 15. Rae1 Rfe8 16. h3 b6 17. g4 Bd6 18. R5e2 h6 {[%emt 0:02:33] Dodges Bg5} 19. Be5 Bxe5 20. Rxe5 d4 21. Qf4 Bd5 (21... Nd5 $15 22. Bxd5 Bxd5) 22. Bxd5 $11 Nxd5 23. Qf5 Red8 {[%emt 0:03:35][%mdl 8192] [#] This move loses the game for Black.} (23... Re6 $14) 24. Rxd5 $1 $18 Qxd5 {[%emt 0:00:30] [#]} 25. Re8+ $3 Rxe8 26. Qxd5 {[%emt 0:00:30] White is clearly winning.} Re2 27. Qd7 Rce8 28. Qxa7 Rxc2 29. Qxb6 c4 30. dxc4 d3 31. Qd4 Re1+ 32. Kg2 {[%emt 0:00:13] Strongly threatening Qd8+.} Rd1 33. a4 d2 34. Qd8+ {[%emt 0:00:07] Weighted Error Value: White=0.05 (flawless) /Black=0.57.  Loses game:     	---       	Black=1      Mistake:       	---       	Black=1      Inaccurate:     	White=3     	Black=5      OK:         	White=8     	Black=4      Best:        	White=2     	---        Brilliant:      	White=2     	---} 1-0

[Event "NY Presidents Day Schiller-C 2024"]
[Site "New York"]
[Date "2024.02.19"]
[Round "7.2"]
[White "Quesada Vera, Liordis"]
[Black "Meduri, Aakaash"]
[Result "1-0"]
[ECO "A21"]
[WhiteElo "2337"]
[BlackElo "1956"]
[Annotator "TA"]
[PlyCount "39"]
[EventDate "2024.02.14"]
[EventType "schev"]
[EventCountry "USA"]
[SourceTitle "playchess.com"]
[Source "ChessBase"]
[SourceQuality "1"]
[TimeControl "5400+30"]

1. c4 f5 2. g3 Nf6 3. Bg2 d6 4. Nc3 e5 5. d4 Nbd7 6. e3 Be7 7. Qc2 O-O (7... Nb6 $14) 8. Nge2 {[%emt 0:01:44][%cal Bg1e2,Be2d4,Bd4b5][%mdl 32] White is better.} (8. Qxf5 {keeps more tension.} exd4 9. exd4 Ne5 10. Qc2) 8... Qe8 ({Better is} 8... e4 $14) 9. Qxf5 $16 exd4 10. Nxd4 Ne5 11. Qc2 {[%emt 0:00:08] White has more active pieces.} Nfg4 (11... c5 $16) 12. f4 $18 {[%emt 0:05:43] aiming for Nd5.} c5 (12... Nc6 $142) 13. Ndb5 Bf5 14. e4 Nxc4 15. Nd5 {[%emt 0:59:57] Inhibits Nge3.} (15. exf5 Nge3 16. Bxe3 Nxe3 $18) 15... Qxb5 16. Nxe7+ Kh8 17. Nxf5 Rxf5 18. Qe2 {[%emt 0:00:00] Prevents Nce3.} ({Worse is} 18. exf5 Re8+ 19. Be4 Qc6 $11) 18... Nf6 (18... Rff8 {keeps fighting.} 19. O-O (19. Qxg4 Nxb2 20. a4 Nd3+ 21. Kd2 Qb4+ 22. Kxd3 Qd4+ 23. Ke2 Qxa1 $16) 19... Nf6) 19. Kf2 (19. exf5 Re8 20. Bf3 Rxe2+ 21. Bxe2 Qb4+ 22. Kf2 d5 $17 (22... Nxb2 $2 23. Bxb2 Qxb2 24. Rhd1 $19)) 19... Re8 20. b3 {[%emt 0:00:00] Prevents d5. Black got outplayed after the opening.   Weighted Error Value: White=0.39/Black=0.57.  Mistake:       	---       	Black=5      Inaccurate:     	White=2     	Black=2      OK:         	White=5     	Black=2      Best:        	White=3     	Black=1} 1-0

[Event "NY Presidents Day Schiller-C 2024"]
[Site "New York"]
[Date "2024.02.19"]
[Round "7.3"]
[White "Yoo, Eugene"]
[Black "Perez Avendano, Paul Omar"]
[Result "1-0"]
[ECO "A57"]
[WhiteElo "2168"]
[BlackElo "2213"]
[Annotator "RC"]
[PlyCount "53"]
[EventDate "2024.02.14"]
[EventType "schev"]
[EventCountry "USA"]
[SourceTitle "playchess.com"]
[Source "ChessBase"]
[SourceQuality "1"]
[TimeControl "5400+30"]

1. d4 Nf6 2. Nf3 c5 3. d5 b5 4. c4 bxc4 5. Nc3 d6 6. e4 Nbd7 7. Bxc4 g6 8. Bb5 Qc7 9. e5 dxe5 10. Qe2 e4 11. d6 Qb7 12. Ne5 Rb8 13. dxe7 Bg7 14. Qc4 Nd5 15. Bc6 Bxe5 16. Bxb7 N5b6 17. Qxe4 Bxb7 18. Qg4 h5 19. Qh3 Nf6 20. Bg5 Nh7 21. Be3 Nc4 22. O-O-O Nf6 23. Bxc5 Bf4+ 24. Kb1 Nd2+ 25. Ka1 Bc8 26. Qd3 Bf5 27. Qd4 1-0

[Event "NY Presidents Day Schiller-C 2024"]
[Site "New York"]
[Date "2024.02.19"]
[Round "7.4"]
[White "Liu, Kelsey"]
[Black "Andrianov, Nikolai"]
[Result "1/2-1/2"]
[ECO "B27"]
[WhiteElo "2004"]
[BlackElo "2266"]
[Annotator "TA"]
[PlyCount "119"]
[EventDate "2024.02.14"]
[EventType "schev"]
[EventCountry "USA"]
[SourceTitle "playchess.com"]
[Source "ChessBase"]
[SourceQuality "1"]
[TimeControl "5400+30"]

1. e4 c5 2. Nf3 g6 3. d4 cxd4 4. Qxd4 Nf6 5. Nc3 Nc6 6. Qa4 d6 7. e5 dxe5 8. Nxe5 Bd7 9. Nxd7 Qxd7 10. Bb5 Bg7 {[%emt 0:00:26] The position is equal.} 11. O-O O-O 12. Rd1 Qf5 13. Be3 Rfc8 14. h3 a6 15. Bd3 {[%emt 0:01:30] A strong pair of Bishops.} Qa5 (15... Qe6 $11) 16. Be2 (16. Qxa5 $14 {might be stronger.} Nxa5 17. Na4) 16... Qc7 $11 17. Qh4 Rd8 18. Na4 Rxd1+ 19. Rxd1 Rd8 20. Nb6 Rxd1+ 21. Bxd1 Nd7 22. Nxd7 Qxd7 23. Bg4 f5 24. Bf3 Nd4 25. Bxd4 Bxd4 26. Bxb7 {[%emt 0:06:44][%mdl 4096] Endgame. KQB-KQB} Bf6 27. Qc4+ Kg7 28. Bxa6 Qd1+ 29. Kh2 Bxb2 30. g3 Qd4 31. Qe2 e5 32. Qf3 e4 33. Qe2 Ba3 34. Kg2 Bc5 35. Bc4 g5 36. Bb3 Bb6 37. a4 h6 38. Qe1 f4 39. c3 $2 {[%emt 0:02:12][%mdl 8192] [#]} (39. a5 $11 {and White stays safe.} f3+ 40. Kf1) 39... Qd3 $2 (39... f3+ $1 $19 40. Kh2 Qd3 (40... Qxf2+ 41. Qxf2 Bxf2 42. Bd5 $14)) 40. Qd1 Qxd1 41. Bxd1 {[%emt 0:00:02] KB-KB} Kf6 42. gxf4 gxf4 43. f3 e3 {[%emt 0:00:14][%mdl 1024] Black has compensation.} 44. Be2 Ke5 45. h4 Ba5 46. c4 Kd4 47. Kh3 {[%emt 0:00:25] [#]} (47. h5 $11) 47... h5 $1 $17 {[%emt 0:00:23] Black is better.} 48. Kg2 Bd8 49. Kf1 Bxh4 50. c5 Kxc5 51. Bd3 Bd8 52. Bg6 h4 53. Bf5 Kb4 54. Bd7 Kc3 {[%emt 0:00:29][%cal Oh4h3] ( -> ...h3!)} 55. Ke2 Kb3 56. Kd3 Ba5 57. Ke2 Kc3 58. Be6 Kb4 59. Bd7 Kc4 60. Be6+ {[%emt 0:00:05] Weighted Error Value: White=0.17 (very precise) /Black=0.13 (very precise) .  Loses game:     	White=1     	---        Missed win:     	---       	Black=1      Mistake:       	White=2     	Black=1      Inaccurate:     	White=5     	---        OK:         	White=20    	Black=27     Best:        	White=5     	Black=1      Strong:       	---       	Black=1} 1/2-1/2

[Event "NY Presidents Day Schiller-C 2024"]
[Site "New York"]
[Date "2024.02.19"]
[Round "7.5"]
[White "Gaw, Chloe"]
[Black "Plat, Vojtech"]
[Result "0-1"]
[ECO "D08"]
[WhiteElo "1928"]
[BlackElo "2516"]
[Annotator "RC"]
[PlyCount "121"]
[EventDate "2024.02.14"]
[EventType "schev"]
[EventCountry "USA"]
[SourceTitle "playchess.com"]
[Source "ChessBase"]
[SourceQuality "1"]
[TimeControl "5400+30"]

1. d4 d5 2. c4 e5 3. dxe5 d4 4. Nf3 Nc6 5. a3 Nge7 6. Nbd2 Be6 7. Nb3 Bxc4 8. Nbxd4 Qd5 9. Nxc6 Qxd1+ 10. Kxd1 Nxc6 11. Kc2 Bd5 12. e3 O-O-O 13. Bd3 g6 14. Bd2 Bg7 15. Bc3 Bxf3 16. gxf3 Bxe5 17. Rad1 Bxc3 18. Kxc3 Rd6 19. Be2 Rf6 20. Rd2 Rd8 21. Rhd1 Rxd2 22. Rxd2 g5 23. Rd5 h6 24. h4 Ne7 25. Rc5 Rg6 26. hxg5 hxg5 27. Re5 Kd7 28. Bc4 f6 29. Re4 f5 30. Rd4+ Ke8 31. Rd1 Rc6 32. Kb3 Rh6 33. Rg1 Rh2 34. Rxg5 Rxf2 35. Rg3 Kd7 36. Kc3 Kd6 37. Rh3 c6 38. Rh6+ Kd7 39. Be6+ Kc7 40. Rh3 Re2 41. f4 Kd6 42. Bc4 Nd5+ 43. Kd3 Rxb2 44. Rh6+ Kc5 45. Bxd5 cxd5 46. Rf6 Rb3+ 47. Ke2 Rxa3 48. Rxf5 Kd6 49. Re5 Ra4 50. Kd3 b5 51. Re8 Ra1 52. Rd8+ Kc5 53. Rc8+ Kb4 54. Kd4 a5 55. Kxd5 a4 56. f5 a3 57. Ke6 Re1 58. f6 a2 59. f7 Rxe3+ 60. Kd5 Rf3 61. Kd4 0-1

[Event "NY Presidents Day Schiller-C 2024"]
[Site "New York"]
[Date "2024.02.19"]
[Round "7.6"]
[White "Mou, Iris"]
[Black "Martin Del Campo Cardenas, Roberto Abel"]
[Result "0-1"]
[ECO "B52"]
[WhiteElo "2128"]
[BlackElo "2205"]
[Annotator "RC"]
[PlyCount "124"]
[EventDate "2024.02.14"]
[EventType "schev"]
[EventCountry "USA"]
[SourceTitle "playchess.com"]
[Source "ChessBase"]
[SourceQuality "1"]
[TimeControl "5400+30"]

1. e4 c5 2. Nf3 d6 3. Bb5+ Bd7 4. Bxd7+ Qxd7 5. O-O Nc6 6. c3 Nf6 7. d4 cxd4 8. cxd4 d5 9. e5 Ne4 10. Re1 e6 11. a3 Be7 12. Qd3 Na5 13. Nbd2 Nxd2 14. Bxd2 Qa4 15. Re3 Nc6 16. b3 Qa6 17. Qb1 Qb6 18. Bc3 a5 19. h4 h6 20. h5 Rc8 21. Qd1 Rc7 22. Nh2 O-O 23. Rg3 Rfc8 24. Qd2 Bh4 25. Rd3 Qxb3 26. Bb4 Nxd4 27. Rxb3 Nxb3 28. Qb2 Nxa1 29. Bd2 Rc2 30. Qxb7 Bxf2+ 31. Kxf2 Rxd2+ 32. Kg3 Rdc2 33. Nf3 R2c3 34. Kh2 Nb3 35. Qb6 d4 36. Nxd4 Nxd4 37. Qxd4 Rxa3 38. Qa7 Ra2 39. Qa6 Rd8 40. Qa7 a4 41. Qa5 Rd5 42. Qa8+ Kh7 43. Qb7 Rdd2 44. Qe4+ g6 45. hxg6+ Kg7 46. gxf7 Rxg2+ 47. Kh3 Rh2+ 48. Kg3 Rag2+ 49. Kf3 Rf2+ 50. Kg3 Rhg2+ 51. Kh3 a3 52. f8=Q+ Kxf8 53. Qa8+ Kg7 54. Qb7+ Kh8 55. Qa8+ Rg8 56. Qxa3 Rf1 57. Kh2 Rf5 58. Qh3 Rg6 59. Qh4 Rfg5 60. Kh3 Rg3+ 61. Kh2 Rg2+ 62. Kh3 R6g3+ 0-1

[Event "NY Presidents Day Schiller-C 2024"]
[Site "New York"]
[Date "2024.02.19"]
[Round "7.7"]
[White "Podavonov, Alisher"]
[Black "Shangin, Lev"]
[Result "1/2-1/2"]
[ECO "A05"]
[WhiteElo "2175"]
[BlackElo "1866"]
[Annotator "RC"]
[PlyCount "89"]
[EventDate "2024.02.14"]
[EventType "schev"]
[EventCountry "USA"]
[SourceTitle "playchess.com"]
[Source "ChessBase"]
[SourceQuality "1"]
[TimeControl "5400+30"]

1. Nf3 Nf6 2. g3 b5 3. Bg2 Bb7 4. O-O c5 5. d3 d6 6. e4 e6 7. Nbd2 Be7 8. Re1 Nc6 9. c3 Rc8 10. a3 Qb6 11. b4 cxb4 12. axb4 Ne5 13. Nxe5 dxe5 14. Bb2 O-O 15. Nb3 Rfd8 16. Qe2 a6 17. Bf1 Rc7 18. Qe3 Qxe3 19. Rxe3 Nd7 20. Na5 Ba8 21. f4 Bf6 22. c4 bxc4 23. Nxc4 exf4 24. Bxf6 Nxf6 25. gxf4 Rb7 26. Rxa6 Rxb4 27. Be2 Bb7 28. Ra1 Ra8 29. Rxa8+ Bxa8 30. Rg3 Rb1+ 31. Kg2 Kf8 32. Rg5 Nd7 33. Ra5 Rb8 34. Ra7 Nc5 35. Nd6 f5 36. Rf7+ Kg8 37. Rc7 fxe4 38. Rxc5 exd3+ 39. Kf2 dxe2 40. Kxe2 Rd8 41. Rc8 Rxc8 42. Nxc8 Kf7 43. Kf2 Kf6 44. h4 Bd5 45. Kg3 1/2-1/2

[Event "NY Presidents Day Schiller-C 2024"]
[Site "New York"]
[Date "2024.02.19"]
[Round "7.8"]
[White "Lapshun, Yury"]
[Black "Pagan, Jonathan"]
[Result "1-0"]
[ECO "D03"]
[WhiteElo "2337"]
[BlackElo "2018"]
[Annotator "TA"]
[PlyCount "65"]
[EventDate "2024.02.14"]
[EventType "schev"]
[EventCountry "USA"]
[SourceTitle "playchess.com"]
[Source "ChessBase"]
[SourceQuality "1"]
[TimeControl "5400+30"]

1. d4 d5 2. Nf3 Nf6 3. Bg5 Ne4 4. Bh4 c5 5. dxc5 Nc6 6. e3 g6 7. Nbd2 {[%emt 0:02:02][%cal Bb1d2,Bd2b3,Bb3d4,Bd4b5][%mdl 32] Black must now prevent Nxe4.} Nxc5 8. Nb3 {[%emt 0:00:53] The position is equal.} Ne4 9. Bd3 Nd6 10. O-O Bg7 11. Nfd4 O-O 12. Qf3 Nxd4 13. Nxd4 Nc4 14. Bxc4 dxc4 15. Rad1 Qd7 {[%emt 0:06:38] Prevents Nc6} 16. a4 {[%emt 0:01:49] aiming for Nb5.} e5 (16... f6 $1 $11) 17. Nb5 $16 {[%emt 0:00:21] White now steadily converts the win.} Qc6 {[%emt 0:08:01] Black is weak on the dark squares} 18. Be7 {[%emt 0:06:29] White is much more active. The black rooks are passive.} Qxf3 19. gxf3 Bf5 20. Bxf8 $18 Rxf8 21. e4 ({Don't play} 21. Nxa7 $6 Bxc2 22. Rd7 Rb8) 21... Bh3 {[%emt 0:00:03] [#]} 22. Rfe1 $1 f5 23. Nd6 fxe4 24. Nxe4 (24. Nxc4 exf3 25. Nd6 (25. Nxe5 Rf5 $11) 25... Rf6 $16) 24... Bh6 25. Ng3 Bf4 26. Rd5 h5 27. Ne2 {[%emt 0:02:51] Hoping for Nxf4.} Bh6 28. Rxe5 Rxf3 29. Nd4 Rf4 {[%emt 0:01:01] [#] Strongly threatening ...Rg4+.} 30. R1e4 Rf6 31. Re8+ Kh7 32. R4e7+ Bg7 33. Ne6 {[%emt 0:01:12] Prevents Rf4.   Weighted Error Value: White=0.10 (very precise) /Black=0.26 (precise) .  Mistake:       	---       	Black=2      Inaccurate:     	White=1     	Black=1      OK:         	White=10    	Black=7      Best:        	White=2     	Black=2      Strong:       	White=1     	---} 1-0

[Event "NY Presidents Day Schiller-C 2024"]
[Site "New York"]
[Date "2024.02.19"]
[Round "7.9"]
[White "Campos Jimenez, Augusto Cesar"]
[Black "Ho, Carter"]
[Result "1/2-1/2"]
[ECO "B45"]
[WhiteElo "2288"]
[BlackElo "2180"]
[Annotator "TA"]
[PlyCount "45"]
[EventDate "2024.02.14"]
[EventType "schev"]
[EventCountry "USA"]
[SourceTitle "playchess.com"]
[Source "ChessBase"]
[SourceQuality "1"]
[TimeControl "5400+30"]

1. e4 c5 2. Nf3 e6 3. Nc3 Nc6 4. d4 cxd4 5. Nxd4 Nf6 6. a3 Be7 7. Nxc6 bxc6 8. e5 Nd5 9. Ne4 Qc7 10. f4 Qb6 11. Qf3 f5 12. Nf2 Bb7 ({Black should play} 12... Bc5 $11) 13. c4 $14 Nc7 14. Be2 O-O 15. O-O d5 16. exd6 Bxd6 17. Qg3 Rf6 {[%emt 0:00:00] The position is equal.} 18. Bh5 Rh6 19. Be3 c5 20. Bf3 Rg6 (20... Qxb2 $2 {loses.} 21. Rab1 Qa2 22. Bxb7 $18 (22. Rxb7 Rg6 $18)) 21. Qh3 Rh6 22. Qg3 Rg6 $1 (22... Qxb2 $2 {perishes.} 23. Rab1 Qxa3 24. Bxb7 $18) 23. Qh3 {[%emt 0:48:22] Weighted Error Value: White=0.06 (flawless) /Black=0.07 (flawless) .  Mistake:       	---       	Black=1      Inaccurate:     	White=2     	---        OK:         	White=10    	Black=5      Best:        	White=2     	Black=1      Strong:       	---       	Black=1} 1/2-1/2

[Event "NY Presidents Day Schiller-C 2024"]
[Site "New York"]
[Date "2024.02.19"]
[Round "8.1"]
[White "Meduri, Aakaash"]
[Black "Czebe, Attila"]
[Result "0-1"]
[ECO "A07"]
[WhiteElo "1956"]
[BlackElo "2346"]
[Annotator "TA"]
[PlyCount "66"]
[EventDate "2024.02.14"]
[EventType "schev"]
[EventCountry "USA"]
[SourceTitle "playchess.com"]
[Source "ChessBase"]
[SourceQuality "1"]
[TimeControl "5400+30"]

1. Nf3 g6 2. g3 Bg7 3. Bg2 e5 4. d3 d5 5. O-O Ne7 6. e4 O-O 7. Nc3 d4 8. Ne2 h6 9. Nd2 c5 10. f4 Nbc6 {[%emt 0:00:31] The position is equal.} 11. a4 Kh7 12. h3 f6 (12... f5 $11) 13. Kh2 (13. f5 $14) 13... Be6 (13... Kh8 $11) 14. Nf3 ({White should try} 14. f5 $1 $14 Bf7 (14... gxf5 15. exf5 Bd5 16. Bxd5 $16) 15. g4) 14... c4 15. Nh4 cxd3 (15... g5 {feels hotter.} 16. fxg5 hxg5 17. Nf5 Rh8) 16. cxd3 exf4 17. gxf4 f5 18. Rg1 Qc7 19. Kh1 Nb4 20. b3 (20. e5 $1 $11) 20... Nc2 {[%emt 0:08:23] Black is much more active.} ({Black should play} 20... fxe4 $17 21. Bxe4 Bd5 (21... Bxh3 22. Bd2 $16)) 21. Ra2 Ne3 (21... Bxb3 22. Rb2 Bxa4 23. exf5 $14) 22. Bxe3 dxe3 23. e5 {[%emt 0:02:13] Repels Bf6} Rfd8 (23... Rad8 $17 24. d4 g5) 24. d4 $11 Rac8 25. Qb1 Qb6 $36 {[%emt 0:05:10][%cal Od8d7][%mdl 2048] Black has the initiative.} 26. Rb2 $2 {[%emt 0:00:46] [#] This move loses the game for White.} (26. Qd3 $11) 26... Rxd4 $1 $19 27. Nxd4 (27. Nf3 $142 Rd7 28. Qe1) 27... Qxd4 28. Bxb7 $2 (28. Rc2 {is more resistant.}) 28... Qxf4 29. Bxc8 Bd5+ 30. Rgg2 Qxh4 31. Kg1 Bxe5 {[%emt 0:00:37][%cal Oh4h3] [#] ( -> ...Qxh3!). A strong pair of Bishops.} 32. Ba6 Bxb2 33. Rxb2 Qxh3 {[%emt 0:00:17] Weighted Error Value: White=1.18/Black=0.63.  Loses game:     	White=1     	---        Mistake:       	White=5     	Black=4      Inaccurate:     	White=4     	Black=2      OK:         	White=2     	Black=8      Best:        	White=2     	---        Strong:       	---       	Black=1} 0-1

[Event "NY Presidents Day Schiller-C 2024"]
[Site "New York"]
[Date "2024.02.19"]
[Round "8.2"]
[White "Quesada Vera, Liordis"]
[Black "Yoo, Eugene"]
[Result "1-0"]
[ECO "A04"]
[WhiteElo "2337"]
[BlackElo "2168"]
[Annotator "RC"]
[PlyCount "61"]
[EventDate "2024.02.14"]
[EventType "schev"]
[EventCountry "USA"]
[SourceTitle "playchess.com"]
[Source "ChessBase"]
[SourceQuality "1"]
[TimeControl "5400+30"]

1. Nf3 c5 2. g3 g6 3. Bg2 Bg7 4. O-O e5 5. c4 Ne7 6. Nc3 d5 7. cxd5 Nxd5 8. Nxd5 Qxd5 9. Ng5 Qd8 10. Ne4 Qe7 11. d3 Na6 12. Bg5 f6 13. Be3 f5 14. Qa4+ Bd7 15. Qb3 Rb8 16. Bg5 Qf8 17. Nc3 Nc7 18. Nd5 Ne6 19. Be7 Qxe7 20. Nxe7 Kxe7 21. Qa3 a6 22. Rac1 Bb5 23. Rxc5 Nxc5 24. Qxc5+ Kd7 25. Rc1 Rhc8 26. Qd5+ Ke7 27. Rxc8 Rxc8 28. Qxb7+ Bd7 29. Bd5 a5 30. Bc4 Rc5 31. Qb6 1-0

[Event "NY Presidents Day Schiller-C 2024"]
[Site "New York"]
[Date "2024.02.19"]
[Round "8.3"]
[White "Perez Avendano, Paul Omar"]
[Black "Liu, Kelsey"]
[Result "1/2-1/2"]
[ECO "B45"]
[WhiteElo "2213"]
[BlackElo "2004"]
[Annotator "RC"]
[PlyCount "108"]
[EventDate "2024.02.14"]
[EventType "schev"]
[EventCountry "USA"]
[SourceTitle "playchess.com"]
[Source "ChessBase"]
[SourceQuality "1"]
[TimeControl "5400+30"]

1. e4 c5 2. Nf3 e6 3. d4 cxd4 4. Nxd4 Nc6 5. Nc3 Nf6 6. Nxc6 bxc6 7. e5 Nd5 8. Ne4 Bb7 9. c4 Nb4 10. c5 Qb8 11. f4 Ba6 12. a3 Bxf1 13. Rxf1 Nd5 14. Qd4 Be7 15. f5 exf5 16. Rxf5 O-O 17. Bg5 Qb3 18. Rf3 Qc2 19. Rf2 Qb3 20. Nd2 Qb5 21. Bxe7 Nxe7 22. O-O-O a5 23. h4 a4 24. Nc4 Nd5 25. Rd3 Nc7 26. Nd6 Qa5 27. Rc3 Rab8 28. Kb1 Ne6 29. Qc4 Rb3 30. Rff3 h6 31. Rxb3 axb3 32. Rc3 Rb8 33. g3 Qa7 34. h5 Qa5 35. g4 Ng5 36. Qd3 Ne6 37. Rxb3 Qe1+ 38. Ka2 Rxb3 39. Qxb3 Qxe5 40. Qb8+ Nf8 41. a4 Qxc5 42. Nf5 d5 43. Qd6 Qc4+ 44. Ka3 Qxg4 45. Ne7+ Kh7 46. Nxc6 Qf3+ 47. b3 Ne6 48. Qe5 Nc5 49. Nd4 Qc3 50. Qxd5 Nd3 51. Qe4+ Kg8 52. Qe8+ Kh7 53. Qe4+ Kg8 54. Qe8+ Kh7 1/2-1/2